Workbook

Sheet Sep 2026
A1: Rosemary & Rye — Cash Report
A2: September 2026 · daily units sold, gross sales, cost of goods, labor & rent, net cash
A4: Date | B4: Day | C4: Sourdough | D4: Croissant | E4: Cinnamon Roll | F4: Baguette | G4: Rye & Seed | H4: Gross Sales | I4: COGS | J4: Labor | K4: Rent | L4: Net Cash | N4: Weekly Net Cash
A5: 46266 | B5: Tue | C5: 20 | D5: 26 | E5: 22 | F5: 16 | G5: 19 | H5: =C5*Assumptions!$B$4+D5*Assumptions!$B$5+E5*Assumptions!$B$6+F5*Assumptions!$B$7+G5*Assumptions!$B$8 | I5: =H5*Assumptions!$B$10 | J5: =IF(WEEKDAY(A5,2)>=6,Assumptions!$B$12,Assumptions!$B$11) | K5: =Assumptions!$B$14 | L5: =H5-I5-J5-K5 | N5: Week 1 | O5: =SUM(L5:L11)
A6: 46267 | B6: Wed | C6: 19 | D6: 33 | E6: 24 | F6: 14 | G6: 18 | H6: =C6*Assumptions!$B$4+D6*Assumptions!$B$5+E6*Assumptions!$B$6+F6*Assumptions!$B$7+G6*Assumptions!$B$8 | I6: =H6*Assumptions!$B$10 | J6: =IF(WEEKDAY(A6,2)>=6,Assumptions!$B$12,Assumptions!$B$11) | K6: =Assumptions!$B$14 | L6: =H6-I6-J6-K6 | N6: Week 2 | O6: =SUM(L12:L18)
A7: 46268 | B7: Thu | C7: 17 | D7: 28 | E7: 22 | F7: 14 | G7: 18 | H7: =C7*Assumptions!$B$4+D7*Assumptions!$B$5+E7*Assumptions!$B$6+F7*Assumptions!$B$7+G7*Assumptions!$B$8 | I7: =H7*Assumptions!$B$10 | J7: =IF(WEEKDAY(A7,2)>=6,Assumptions!$B$12,Assumptions!$B$11) | K7: =Assumptions!$B$14 | L7: =H7-I7-J7-K7 | N7: Week 3 | O7: =SUM(L19:L25)
A8: 46269 | B8: Fri | C8: 19 | D8: 30 | E8: 24 | F8: 13 | G8: 23 | H8: =C8*Assumptions!$B$4+D8*Assumptions!$B$5+E8*Assumptions!$B$6+F8*Assumptions!$B$7+G8*Assumptions!$B$8 | I8: =H8*Assumptions!$B$10 | J8: =IF(WEEKDAY(A8,2)>=6,Assumptions!$B$12,Assumptions!$B$11) | K8: =Assumptions!$B$14 | L8: =H8-I8-J8-K8 | N8: Week 4 | O8: =SUM(L26:L32)
A9: 46270 | B9: Sat | C9: 20 | D9: 38 | E9: 26 | F9: 19 | G9: 20 | H9: =C9*Assumptions!$B$4+D9*Assumptions!$B$5+E9*Assumptions!$B$6+F9*Assumptions!$B$7+G9*Assumptions!$B$8 | I9: =H9*Assumptions!$B$10 | J9: =IF(WEEKDAY(A9,2)>=6,Assumptions!$B$12,Assumptions!$B$11) | K9: =Assumptions!$B$14 | L9: =H9-I9-J9-K9 | N9: Week 5 | O9: =SUM(L33:L34)
A10: 46271 | B10: Sun | C10: 22 | D10: 29 | E10: 26 | F10: 18 | G10: 23 | H10: =C10*Assumptions!$B$4+D10*Assumptions!$B$5+E10*Assumptions!$B$6+F10*Assumptions!$B$7+G10*Assumptions!$B$8 | I10: =H10*Assumptions!$B$10 | J10: =IF(WEEKDAY(A10,2)>=6,Assumptions!$B$12,Assumptions!$B$11) | K10: =Assumptions!$B$14 | L10: =H10-I10-J10-K10
A11: 46272 | B11: Mon | C11: 18 | D11: 34 | E11: 23 | F11: 16 | G11: 21 | H11: =C11*Assumptions!$B$4+D11*Assumptions!$B$5+E11*Assumptions!$B$6+F11*Assumptions!$B$7+G11*Assumptions!$B$8 | I11: =H11*Assumptions!$B$10 | J11: =IF(WEEKDAY(A11,2)>=6,Assumptions!$B$12,Assumptions!$B$11) | K11: =Assumptions!$B$14 | L11: =H11-I11-J11-K11
A12: 46273 | B12: Tue | C12: 16 | D12: 26 | E12: 25 | F12: 17 | G12: 18 | H12: =C12*Assumptions!$B$4+D12*Assumptions!$B$5+E12*Assumptions!$B$6+F12*Assumptions!$B$7+G12*Assumptions!$B$8 | I12: =H12*Assumptions!$B$10 | J12: =IF(WEEKDAY(A12,2)>=6,Assumptions!$B$12,Assumptions!$B$11) | K12: =Assumptions!$B$14 | L12: =H12-I12-J12-K12
A13: 46274 | B13: Wed | C13: 18 | D13: 34 | E13: 19 | F13: 15 | G13: 19 | H13: =C13*Assumptions!$B$4+D13*Assumptions!$B$5+E13*Assumptions!$B$6+F13*Assumptions!$B$7+G13*Assumptions!$B$8 | I13: =H13*Assumptions!$B$10 | J13: =IF(WEEKDAY(A13,2)>=6,Assumptions!$B$12,Assumptions!$B$11) | K13: =Assumptions!$B$14 | L13: =H13-I13-J13-K13
A14: 46275 | B14: Thu | C14: 20 | D14: 34 | E14: 20 | F14: 17 | G14: 22 | H14: =C14*Assumptions!$B$4+D14*Assumptions!$B$5+E14*Assumptions!$B$6+F14*Assumptions!$B$7+G14*Assumptions!$B$8 | I14: =H14*Assumptions!$B$10 | J14: =IF(WEEKDAY(A14,2)>=6,Assumptions!$B$12,Assumptions!$B$11) | K14: =Assumptions!$B$14 | L14: =H14-I14-J14-K14
A15: 46276 | B15: Fri | C15: 19 | D15: 33 | E15: 20 | F15: 16 | G15: 19 | H15: =C15*Assumptions!$B$4+D15*Assumptions!$B$5+E15*Assumptions!$B$6+F15*Assumptions!$B$7+G15*Assumptions!$B$8 | I15: =H15*Assumptions!$B$10 | J15: =IF(WEEKDAY(A15,2)>=6,Assumptions!$B$12,Assumptions!$B$11) | K15: =Assumptions!$B$14 | L15: =H15-I15-J15-K15
A16: 46277 | B16: Sat | C16: 22 | D16: 34 | E16: 24 | F16: 20 | G16: 23 | H16: =C16*Assumptions!$B$4+D16*Assumptions!$B$5+E16*Assumptions!$B$6+F16*Assumptions!$B$7+G16*Assumptions!$B$8 | I16: =H16*Assumptions!$B$10 | J16: =IF(WEEKDAY(A16,2)>=6,Assumptions!$B$12,Assumptions!$B$11) | K16: =Assumptions!$B$14 | L16: =H16-I16-J16-K16
A17: 46278 | B17: Sun | C17: 19 | D17: 38 | E17: 22 | F17: 16 | G17: 24 | H17: =C17*Assumptions!$B$4+D17*Assumptions!$B$5+E17*Assumptions!$B$6+F17*Assumptions!$B$7+G17*Assumptions!$B$8 | I17: =H17*Assumptions!$B$10 | J17: =IF(WEEKDAY(A17,2)>=6,Assumptions!$B$12,Assumptions!$B$11) | K17: =Assumptions!$B$14 | L17: =H17-I17-J17-K17
A18: 46279 | B18: Mon | C18: 19 | D18: 33 | E18: 23 | F18: 15 | G18: 22 | H18: =C18*Assumptions!$B$4+D18*Assumptions!$B$5+E18*Assumptions!$B$6+F18*Assumptions!$B$7+G18*Assumptions!$B$8 | I18: =H18*Assumptions!$B$10 | J18: =IF(WEEKDAY(A18,2)>=6,Assumptions!$B$12,Assumptions!$B$11) | K18: =Assumptions!$B$14 | L18: =H18-I18-J18-K18
A19: 46280 | B19: Tue | C19: 17 | D19: 31 | E19: 21 | F19: 16 | G19: 21 | H19: =C19*Assumptions!$B$4+D19*Assumptions!$B$5+E19*Assumptions!$B$6+F19*Assumptions!$B$7+G19*Assumptions!$B$8 | I19: =H19*Assumptions!$B$10 | J19: =IF(WEEKDAY(A19,2)>=6,Assumptions!$B$12,Assumptions!$B$11) | K19: =Assumptions!$B$14 | L19: =H19-I19-J19-K19
A20: 46281 | B20: Wed | C20: 16 | D20: 29 | E20: 24 | F20: 16 | G20: 20 | H20: =C20*Assumptions!$B$4+D20*Assumptions!$B$5+E20*Assumptions!$B$6+F20*Assumptions!$B$7+G20*Assumptions!$B$8 | I20: =H20*Assumptions!$B$10 | J20: =IF(WEEKDAY(A20,2)>=6,Assumptions!$B$12,Assumptions!$B$11) | K20: =Assumptions!$B$14 | L20: =H20-I20-J20-K20
A21: 46282 | B21: Thu | C21: 18 | D21: 31 | E21: 24 | F21: 16 | G21: 19 | H21: =C21*Assumptions!$B$4+D21*Assumptions!$B$5+E21*Assumptions!$B$6+F21*Assumptions!$B$7+G21*Assumptions!$B$8 | I21: =H21*Assumptions!$B$10 | J21: =IF(WEEKDAY(A21,2)>=6,Assumptions!$B$12,Assumptions!$B$11) | K21: =Assumptions!$B$14 | L21: =H21-I21-J21-K21
... A34: 46295 | B34: Wed | C34: 20 | D34: 26 | E34: 22 | F34: 14 | G34: 21 | H34: =C34*Assumptions!$B$4+D34*Assumptions!$B$5+E34*Assumptions!$B$6+F34*Assumptions!$B$7+G34*Assumptions!$B$8 | I34: =H34*Assumptions!$B$10 | J34: =IF(WEEKDAY(A34,2)>=6,Assumptions!$B$12,Assumptions!$B$11) | K34: =Assumptions!$B$14 | L34: =H34-I34-J34-K34
A36: September total | H36: =SUM(H5:H34) | I36: =SUM(I5:I34) | J36: =SUM(J5:J34) | K36: =SUM(K5:K34) | L36: =SUM(L5:L34)
A37: Net margin (Net Cash ÷ Gross Sales) | L37: =L36/H36
A38: Average net cash per day | L38: =AVERAGE(L5:L34)

Sheet Assumptions
A1: Rosemary & Rye — Assumptions & Menu
A3: Menu item | B3: Price
A4: Rosemary Sourdough | B4: 8.5
A5: Butter Croissant | B5: 4.25
A6: Cinnamon Swirl Roll | B6: 5
A7: Classic Baguette | B7: 4.75
A8: Rye & Seed Loaf | B8: 9
A10: Cost of goods (ingredients), % of gross sales | B10: 0.32
A11: Weekday labor (2 bakers + 1 counter) | B11: 210
A12: Weekend labor (+1 extra counter shift) | B12: 260
A13: Monthly rent | B13: 1800
A14: Rent allocated per day (=B13/30) | B14: =B13/30
